 Dungeon Sprint DCSS version 0.23-a0-629-gae4348f (webtiles) character file.

2947 Lanoc the Martial Artist (level 9, -4/67 HPs)
             Began as an Octopode Transmuter on Dec 27, 2018.
             Was the Champion of Jiyva.
             Slain by a spiny frog (18 damage)
             ... in the Dungeon (Sprint IX: "|||||||||||||||||||||||||||||").
             The game lasted 00:04:30 (609 turns).

Lanoc the Martial Artist (Octopode Transmuter)       Turns: 609, Time: 00:04:31

Health: -4/67      AC:  4    Str: 15    XL:     9   Next: 80%
Magic:  21/21      EV: 21    Int: 18    God:    Jiyva [******]
Gold:   19         SH:  0    Dex: 14    Spells: 15/24 levels left

rFire    . . .     SeeInvis .     - Unarmed
rCold    + . .     Gourm    .   (shield currently unavailable)
rNeg     . . .     Faith    .   (helmet restricted)
rPois    .         Spirit   .   (no amulet)
rElec    +         Reflect  .   o - +3 ring of strength
rCorr    +         Harm     .   p - +2 ring of evasion
MR       .....     NoTele   +   (no ring)
Stlth    ++........             (no ring)
HPRegen  0.21/turn              (no ring)
MPRegen  0.17/turn              (no ring)
                                (no ring)
                                (no ring)

@: blade tentacles
A: almost no armour, stealthy swim, amphibious, 8 rings, constrict 8, tentacle
spike 2, icy blue scales 1, camouflage 1, clever 1, cold resistance 1,
electricity resistance, strong 1, acidic bite, gelatinous body 2, pseudopods 1,
jelly sensing items
a: End Transformation, Request Jelly, Slimify, Cure Bad Mutation, Renounce
Religion


You were in the Dungeon.
You worshipped Jiyva.
Jiyva was exalted by your worship.
You were not hungry.
You had blades for tentacles.
You visited 1 branch You collected 19 gold pieces.

Inventory:

Missiles
 a - 28 arrows
Magical Staves
 n - an uncursed staff of energy
Jewellery
 o - a +3 ring of strength (left scythe-like blade)
 p - a +2 ring of evasion (right scythe-like blade)
Wands
 m - a wand of iceblast (10)
Scrolls
 i - 2 scrolls of blinking
 k - 3 scrolls of remove curse
 l - 2 scrolls of amnesia
 r - 2 scrolls of fog
 s - 4 scrolls of enchant armour
 t - 2 scrolls of enchant weapon
Potions
 d - 5 potions of curing
 e - 6 potions of heal wounds
 f - a potion of haste
 g - 4 potions of magic
 h - a potion of might
 j - a potion of invisibility
 q - 2 potions of resistance
Comestibles
 b - 2 chunks of flesh
 c - a ration


   Skills:
 + Level 8.6 Fighting
 + Level 8.8 Dodging
 * Level 12.1 Unarmed Combat
 + Level 8.0 Spellcasting
 * Level 11.8 Transmutations


You had 15 spell levels left.
You knew the following spells:

 Your Spells              Type           Power        Failure   Level  Hunger
a - Beastly Appendage     Tmut           ######       6%          1    None
b - Blade Hands           Tmut           ######....   21%         5    #####..
c - Spider Form           Tmut/Pois      ####......   24%         3    #......

Your spell library contained the following spells:

 Spells                   Type           Power        Failure   Level  Hunger
 Sticks to Snakes         Tmut           ######..     7%          2    None
 Ice Form                 Ice/Tmut       ####....     43%         4    ###....


Dungeon Overview and Level Annotations

Branches:
Dungeon (1/1)

Altars:
Cheibriados
Dithmenos
Elyvilon
Fedhas
Gozag
Hepliaklqana
Kikubaaqudgha
Makhleb
Nemelex Xobeh
Okawaru
Qazlal
Ru
Sif Muna
Trog
Uskayaw
Vehumet
Wu Jian
Xom
Yredelemnul
Zin
The Shining One
Beogh
Jiyva
Lugonu


Innate Abilities, Weirdness & Mutations

You cannot wear most types of armour.
You are very stealthy in the water. (Stealth+)
You are amphibious.
You can wear up to eight rings at the same time.
You can use your tentacles to constrict eight enemies at once.
Your skin changes colour to match your surroundings (Stealth+).
Your pliable body absorbs attacks. (AC +2, EV +2)
One of your tentacles bears a nasty spike.
You are partially covered in icy blue scales. (AC +2)
Your mind is acute. (Int +2)
Your flesh is cold resistant. (rC+)
You are resistant to electric shocks. (rElec)
Your muscles are strong. (Str +2)
You have acidic saliva.
Armour fits poorly on your pseudopods.
You have a small jelly attached to you that senses nearby items.


Message History

You barely miss the spiny frog. You grab the spiny frog.
You bite the spiny frog, but do no damage.
You squeeze the spiny frog.
The spiny frog is almost dead.
You constrict the spiny frog.
You feel sick. The spiny frog stings you!
* * * LOW HITPOINT WARNING * * *
You slice the spiny frog!!
You kill the spiny frog!
Your Unarmed Combat skill increases to level 12!
Your Spellcasting skill increases to level 8!
You feel sick.
Unknown command.
You slice the basilisk!! You grab the basilisk.
The basilisk is heavily wounded.
You constrict the basilisk.
You feel sick. The basilisk bites you!
* * * LOW HITPOINT WARNING * * *
You shred the basilisk!!!
You kill the basilisk!
You feel better. The spiny frog stings you!!
You die...

∆∆∆∆∆∆∆∆∆∆∆∆∆
▓▓▓▓▓▓▓▓▓▓▓▓▓▓▓▓▓▓▓▓▓▓▓▓
......F@.....()......'..
▓▓▓▓▓▓▓▓▓▓▓▓▓▓▓▓▓▓▓▓▓▓▓▓▓▓▓▓▓▓▓▓▓
...J.............................
▓▓▓▓▓▓▓▓▓▓▓▓▓▓▓▓▓▓▓▓▓▓▓▓▓▓▓▓▓▓▓▓▓
________J____________'....÷'..÷.)
▓▓▓▓▓▓▓▓▓▓▓▓▓▓▓▓▓▓▓▓▓▓▓▓▓▓▓▓▓▓▓▓▓


You could see a spiny frog.

Vanquished Creatures
  An unseen horror (D)
  3 spiny frogs (D)
  A komodo dragon (D)
  A rime drake (D)
  2 basilisks (D)
  A water moccasin (D)
  An orc warrior (D)
  A centaur (D)
  2 bullfrogs (D)
  A wight (D)
  A hound (D)
  An iguana (D)
  2 adders (D)
  An ooze (D)
  An adder zombie (D)
  2 leopard geckos (D)
  A bat skeleton (D)
  A bat zombie (D)
  A goblin (D)
  A hobgoblin (D)
  A quokka (D)
  A bat (D)
  A rat (D)
29 creatures vanquished.

Vanquished Creatures (collateral kills)
  A hydra (D)
1 creature vanquished.

Vanquished Creatures (others)
  3 jellies (D)
3 creatures vanquished.

Grand Total: 33 creatures vanquished

Notes
Turn   | Place    | Note
-------+----------+-------------------------------------------
     0 | D        | Lanoc the Octopode Transmuter began the quest for the Orb.
     0 | D        | Reached XP level 1. HP: 13/13 MP: 3/3
    81 | D        | Reached XP level 2. HP: 18/18 MP: 3/5
    85 | D        | Reached skill level 4 in Unarmed Combat
    94 | D        | Reached XP level 3. HP: 15/24 MP: 5/7
   205 | D        | Found a roughly hewn altar of Beogh.
   205 | D        | Found a snail-covered altar of Cheibriados.
   205 | D        | Found a shadowy altar of Dithmenos.
   205 | D        | Found a white marble altar of Elyvilon.
   205 | D        | Found a blossoming altar of Fedhas.
   205 | D        | Found an opulent altar of Gozag.
   206 | D        | Found a hazy altar of Hepliaklqana.
   207 | D        | Found a viscous altar of Jiyva.
   208 | D        | Found an ancient bone altar of Kikubaaqudgha.
   209 | D        | Found a corrupted altar of Lugonu.
   210 | D        | Found a burning altar of Makhleb.
   211 | D        | Found a sparkling altar of Nemelex Xobeh.
   212 | D        | Found an iron altar of Okawaru.
   213 | D        | Found a stormy altar of Qazlal.
   214 | D        | Found a sacrificial altar of Ru.
   215 | D        | Found a deep blue altar of Sif Muna.
   216 | D        | Found a bloodstained altar of Trog.
   217 | D        | Found a hide-covered altar of Uskayaw.
   218 | D        | Found a radiant altar of Vehumet.
   219 | D        | Found an ornate altar of the Wu Jian Council.
   220 | D        | Found a shimmering altar of Xom.
   221 | D        | Found a basalt altar of Yredelemnul.
   222 | D        | Found a glowing silver altar of Zin.
   223 | D        | Found a glowing golden altar of the Shining One.
   239 | D        | Became a worshipper of Jiyva Jelatupo the Shapeless
   277 | D        | Noticed a centaur
   294 | D        | Killed a centaur
   294 | D        | Reached skill level 5 in Unarmed Combat
   294 | D        | Reached skill level 5 in Transmutations
   294 | D        | Reached XP level 4. HP: 31/31 MP: 7/9
   297 | D        | Reached skill level 6 in Unarmed Combat
   297 | D        | Reached XP level 5. HP: 36/36 MP: 7/10
   338 | D        | Learned a level 5 spell: Blade Hands
   342 | D        | Learned a level 3 spell: Spider Form
   389 | D        | Reached * piety under Jiyva
   389 | D        | Reached ** piety under Jiyva
   389 | D        | Reached *** piety under Jiyva
   389 | D        | Gained mutation: You have very sharp teeth. [Jiyva's grace]
   389 | D        | Gained mutation: You have a small jelly attached to you
                  | that senses nearby items. [Jiyva's grace]
   389 | D        | Reached **** piety under Jiyva
   389 | D        | Reached ***** piety under Jiyva
   389 | D        | Gained mutation: You are partially covered in icy blue
                  | scales. (AC +2) [Jiyva's grace]
   395 | D        | Gained mutation: One of your tentacles bears a spike.
                  | [Jiyva's grace]
   400 | D        | Reached ****** piety under Jiyva
   442 | D        | Noticed a seven-headed hydra
   442 | D        | Noticed a basilisk
   442 | D        | Noticed an orc warrior
   445 | D        | Killed an unseen horror
   445 | D        | Reached skill level 9 in Unarmed Combat
   445 | D        | Reached skill level 5 in Spellcasting
   445 | D        | Reached XP level 6. HP: 34/46 MP: 1/14
   445 | D        | Reached XP level 7. HP: 38/52 MP: 1/15
   449 | D        | Killed a seven-headed hydra
   449 | D        | Reached skill level 10 in Unarmed Combat
   449 | D        | Reached XP level 8. HP: 44/58 MP: 2/17
   456 | D        | Reached skill level 10 in Transmutations
   472 | D        | Gained mutation: You are somewhat resistant to further
                  | mutation. [Jiyva's grace]
   473 | D        | Lost mutation: You are somewhat resistant to further
                  | mutation. [Jiyva's grace]
   473 | D        | Gained mutation: One of your tentacles bears a nasty spike.
                  | [Jiyva's grace]
   476 | D        | Gained mutation: You are agile. (Dex +2) [Jiyva's grace]
   477 | D        | Lost mutation: You are agile. (Dex +2) [Jiyva's grace]
   482 | D        | Gained mutation: Your flesh is cold resistant. (rC+)
                  | [Jiyva's grace]
   489 | D        | Gained mutation: You are resistant to hostile enchantments.
                  | (MR+) [Jiyva's grace]
   494 | D        | Gained mutation: You are partially covered in molten
                  | scales. (AC +2) [Jiyva's grace]
   497 | D        | Gained mutation: You are resistant to electric shocks.
                  | (rElec) [Jiyva's grace]
   512 | D        | Lost mutation: You have very sharp teeth. [Jiyva's grace]
   513 | D        | Lost mutation: You are resistant to hostile enchantments.
                  | (MR+) [Jiyva's grace]
   513 | D        | Gained mutation: One of your tentacles bears a large
                  | vicious spike. [Jiyva's grace]
   515 | D        | Gained mutation: Your mind is acute. (Int +2) [Jiyva's
                  | grace]
   582 | D        | Gained mutation: Your muscles are strong. (Str +2) [Jiyva's
                  | grace]
   583 | D        | Lost mutation: One of your tentacles bears a large vicious
                  | spike. [Jiyva's grace]
   583 | D        | Gained mutation: You have acidic saliva. [Jiyva's grace]
   587 | D        | Noticed a komodo dragon
   587 | D        | Noticed a spiny frog
   587 | D        | Noticed a rime drake
   587 | D        | Noticed a spiny frog
   589 | D        | Killed a spiny frog
   590 | D        | Noticed a spiny frog
   592 | D        | Killed a rime drake
   592 | D        | Reached skill level 11 in Unarmed Combat
   592 | D        | Reached XP level 9. HP: 44/64 MP: 13/19
   593 | D        | Lost mutation: You are partially covered in molten scales.
                  | (AC +2) [Jiyva's grace]
   594 | D        | Killed a spiny frog
   595 | D        | Noticed a spiny frog
   600 | D        | Gained mutation: Your pliable body absorbs attacks. (AC +2,
                  | EV +2) [Jiyva's grace]
   603 | D        | Killed a komodo dragon
   604 | D        | Gained mutation: Armour fits poorly on your pseudopods.
                  | [Jiyva's grace]
   606 | D        | Killed a spiny frog
   606 | D        | Reached skill level 12 in Unarmed Combat
   607 | D        | HP: 3/67 [basilisk (10)]
   609 | D        | Slain by a spiny frog

Vault maps used:
D:        linesprint

Skill      XL: |  1  2  3  4  5  6  7  8  9 |
---------------+----------------------------+-----
Fighting       | 2 3 6 7 8 |  8.6
Unarmed Combat | 4 5 6 9 10 11 12 | 12.1
Transmutations | 3 5 8 9 10 11 | 11.8
Dodging        | 3 4 6 7 8 |  8.8
Spellcasting   | 3 5 6 7 8 |  8.0

Action                   |  1- 3 |  4- 6 |  7- 9 || total
-------------------------+-------+-------+-------++-------
Melee: Unarmed           |    42 |    13 |    26 ||    81
       Constrict         |    10 |     3 |     6 ||    19
       Tentacles         |     4 |     2 |     6 ||    12
       Kick              |     6 |     1 |     5 ||    12
       Punch             |     1 |       |     2 ||     3
       Bite              |       |       |     4 ||     4
 Cast: Beastly Appendage |     4 |       |       ||     4
       Blade Hands       |       |     1 |     2 ||     3
  Use: Potion            |     3 |       |     1 ||     4
 Stab: Sleeping          |     1 |       |       ||     1
Armor: Skin              |     5 |     1 |     1 ||     7
Dodge: Dodged            |    37 |     5 |     8 ||    50

Table legend:
 A = Non-vault XP
 B = Vault XP
 C = Vault XP percentage of total XP
 D = Non-vault monster count
 E = Vault monster count
 F = Vault count percentage of total count
                 A         B        C        D         E       F
            +---------+---------+-------+---------+---------+-------
      Total |       0 |    4210 | 100.0 |       0 |      30 | 100.0
            +---------+---------+-------+---------+---------+-------
          D |       0 |    4210 | 100.0 |       0 |      30 | 100.0
            +---------+---------+-------+---------+---------+-------
